 Dungeon Crawl Stone Soup version 0.25-a0-429-g4e43983 (webtiles) character file.

Game seed: 2318156023525528300, levelgen mode: deterministic

58 AngryBottledMilk the Cutter (level 3, -7/29 HPs)
             Began as a Demonspawn Chaos Knight on Jan 25, 2020.
             Was a Plaything of Xom.
             Mangled by Terence
             ... wielding a +0 flail
              (8 damage)
             ... on level 2 of the Dungeon.
             The game lasted 00:03:02 (1547 turns).

AngryBottledMilk the Cutter (DsCK)                  Turns: 1547, Time: 00:03:02

Health: -7/29      AC:  8    Str: 13    XL:     3   Next: 76%
Magic:  3/3        EV: 11    Int: 13    God:    Xom [..*...]
Gold:   134        SH:  0    Dex: 12    Spells: 2/2 levels left

rFire    . . .     SeeInvis .   a - +0 short sword (chaos)
rCold    . . .     Gourm    .   (no shield)
rNeg     . . .     Faith    .   b - +2 leather armour
rPois    .         Spirit   .   (no helmet)
rElec    .         Reflect  .   (no cloak)
rCorr    .         Harm     .   n - +0 pair of gloves
MR       .....                  (no boots)
Stlth    +.........             (no amulet)
HPRegen  0.09/turn              (no ring)
MPRegen  0.08/turn              (no ring)

@: lethally poisoned (-7 -> -8)
A: icy blue scales 1, powered by death 1
a: Renounce Religion


You were on level 2 of the Dungeon.
You worshipped Xom.
You were a toy of Xom.
You were not hungry.

You visited 1 branch of the dungeon, and saw 2 of its levels.

You collected 134 gold pieces.

Inventory:

Hand Weapons
 a - a +0 short sword of chaos (weapon)
Armour
 b - a +2 leather armour (worn)
 n - a +0 pair of gloves (worn)
Wands
 f - a wand of acid (8)
 o - a wand of flame (7)
Scrolls
 i - 2 scrolls of amnesia {unknown}
 j - a scroll of teleportation {unknown}
Potions
 d - a potion of cancellation {unknown}
 g - a potion of flight {unknown}
 h - a potion of curing {unknown}
 k - a potion of degeneration {unknown}
 m - a potion of mutation {unknown}
Comestibles
 c - 3 rations
 l - 7 chunks of flesh


   Skills:
 + Level 3.5 Fighting
 + Level 3.7 Short Blades
 + Level 2.1 Armour
 + Level 1.0 Dodging
 + Level 0.1 Stealth


You had 2 spell levels left.
You didn't know any spells.
Your spell library was empty.

Dungeon Overview and Level Annotations

Branches:
Dungeon (2/15)

Altars:
Dithmenos
Uskayaw

Annotations:
D:1 1 runed translucent door
D:2 Terence


Innate Abilities, Weirdness & Mutations

You are partially covered in icy blue scales. (AC +2)
You regenerate a little health from kills.


Message History

Terence shouts!
You hit the hobgoblin.
The hobgoblin is almost dead.
* * * LOW HITPOINT WARNING * * *
You feel sick. The hobgoblin misses you.
You hit the hobgoblin but do no damage.
The hobgoblin seems to slow down.
The hobgoblin is almost dead.
Terence shouts, "ATTACK!!!"
You barely miss the hobgoblin.
The hobgoblin is almost dead.
You closely miss the hobgoblin.
The hobgoblin is almost dead.
* * * LOW HITPOINT WARNING * * *
You feel sick.
The hobgoblin hits you but does no damage.
You hit the hobgoblin.
There is a short, sharp shower of sparks.
You kill the hobgoblin!
Terence hits you with a +0 flail!
You die...

............# #.#.##.#....#
###...#####.####.#.##.#.##.#
#.#.##.........#.##..)##.#
#.#..#.........#.###.....#
..##.#.........#.###'########
#####.#.........#.#..........#
####'#.........#.'.÷........#
#...........##.###...)......#
#........(...(@@.<..........#
#........(...#.###..........#
#............#..............#
######'##'##.#.###..........#
#.....#.#####..........#
#########.÷..#.....#(.........#
....÷........#####.#..........#
..#######....# #.#..........#
..### #....# #.#..........#


You could see Terence.

Vanquished Creatures
  An adder (D:2)
  2 oozes
  2 leopard geckos
  5 bats
  2 giant cockroaches (D:2)
  5 goblins
  6 hobgoblins
  2 kobolds (D:1)
  A quokka (D:2)
  A ball python (D:1)
  6 frilled lizards
  3 rats
36 creatures vanquished.

Notes
Turn   | Place    | Note
-------+----------+-------------------------------------------
     0 | D:1      | AngryBottledMilk the Demonspawn Chaos Knight began the
                  | quest for the Orb.
     0 | D:1      | Reached XP level 1. HP: 18/18 MP: 1/1
     0 | D:1      | Noticed a jelly
     1 | D:1      | Found a runed translucent door.
   208 | D:1      | XOM: divination: detect creatures
   280 | D:1      | Gained mutation: You are partially covered in icy blue
                  | scales. (AC +2) [demonic ancestry]
   280 | D:1      | Reached XP level 2. HP: 24/24 MP: 2/2
   924 | D:2      | Gained mutation: You regenerate a little health from kills.
                  | [demonic ancestry]
   924 | D:2      | Reached XP level 3. HP: 28/29 MP: 3/3
  1062 | D:2      | XOM: harmless Erth miscast
  1108 | D:2      | XOM: mild Fire miscast
  1281 | D:2      | Found a hide-covered altar of Uskayaw.
  1343 | D:2      | Found a shadowy altar of Dithmenos.
  1366 | D:2      | XOM: harmless Tloc miscast
  1375 | D:2      | Reached skill level 1 in Dodging
  1432 | D:2      | XOM: divination: detect creatures
  1488 | D:2      | Noticed Terence
  1546 | D:2      | HP: 1/29 [poisoned by a hobgoblin]
  1547 | D:2      | Mangled by Terence

Levels and vault maps discovered:
D:1:      dpeg_arrival_caged_fury, layout_basic, hangedman_decor_diamond_cutter,
          minmay_misc_feat_columns
D:2:      layout_basic, overflow_temple_1_default,
          nicolae_overflow_crystal_walls, uniq_terence

Skill      XL: |  1  2  3 |
---------------+----------+-----
Short Blades   | 3 |  3.7
Armour         | 2 |  2.1
Dodging        | 1 |  1.0
Fighting       | |  3.5
Stealth        | |  0.1

Action                   || total
-------------------------++-------
Melee: Short sword       ||   136
  Use: Scroll            ||     1
 Stab: Petrifying        ||     1
  Eat: Chunk             ||     2
Armor: Leather armour    ||    74
Dodge: Dodged            ||    88

Table legend:
 A = Non-vault XP
 B = Vault XP
 C = Vault XP percentage of total XP
 D = Non-vault monster count
 E = Vault monster count
 F = Vault count percentage of total count
                 A         B        C        D         E       F
            +---------+---------+-------+---------+---------+-------
      Total |      84 |       0 |   0.0 |      36 |       0 |   0.0
            +---------+---------+-------+---------+---------+-------
        D:1 |      36 |       0 |   0.0 |      17 |       0 |   0.0
        D:2 |      48 |       0 |   0.0 |      19 |       0 |   0.0
            +---------+---------+-------+---------+---------+-------
